 Dungeon Sprint DCSS version 0.30-a0-799-g109b55a442 (webtiles) character file.

Game seed: 17905937158843045375

361008 BigDaddyOpFi the End of an Era (level 20, -11/216 HPs)
             Began as a Hill Orc Fighter on Feb 20, 2023.
             Was the Champion of Qazlal.
             Mangled by a rockslime (33 damage)
             ... in the Dungeon (Sprint IX: "|||||||||||||||||||||||||||||").
             The game lasted 00:19:58 (12945 turns).

BigDaddyOpFi the End of an Era (Hill Orc Fighter)  Turns: 12945, Time: 00:19:59

Health: -11/216    AC: 28    Str: 31    XL:     20   Next: 49%
Magic:  37/37      EV: 17    Int:  8    God:    Qazlal [******]
Gold:   185        SH:  8    Dex: 10    Spells: 19/19 levels left

rFire   + + .      SeeInvis +    G - +12 pair of quick blades "Gyre" and "Gimble" {protect}
rCold   . . .      Faith    .    (shield currently unavailable)
rNeg    + . .      Spirit   .    I - +5 plate armour {rF+}
rPois   .          Reflect  .    O - +0 mask of the Dragon {Will+ Slay+3 SInv}
rElec   .          Harm     .    x - +0 cloak
rCorr   .          Rampage  .    H - +1 pair of gloves
Will    ++...      NoTele   +    X - +0 pair of boots of the Blizzard {rN+}
Stlth   ++                       V - amulet of Wonder {RegenMP +Inv rF+ Regen+}
HPRegen 1.36/turn                U - ring "Luclax Gess" {Str+3 Slay+3}
MPRegen 0.65/turn                T - +3 ring of slaying

@: protected from physical damage, corroded, under a protective aura, repel
missiles
A: no striking features
}: 6/17 runes: decaying, serpentine, barnacled, elven, silver, gossamer
a: Renounce Religion, Evoke Invisibility, Upheaval, Elemental Force, Disaster
Area


You were in the Dungeon.
You worshipped Qazlal.
Qazlal was exalted by your worship.
You visited 1 branch You collected 1193 gold pieces.
You spent 1008 gold pieces at shops.

Inventory:

Hand Weapons
 b - a +1 broad axe
 m - a +4 war axe of freezing
 F - a +0 triple crossbow
 G - the +12 pair of quick blades "Gyre" and "Gimble" (weapon) {protect}
   (You found it in the Dungeon)
Missiles
 r - 4 curare-tipped darts
Armour
 x - a +0 cloak (worn)
 H - a +1 pair of gloves (worn)
 I - a +5 plate armour of fire resistance (worn)
 O - the +0 mask of the Dragon (worn) {Will+ Slay+3 SInv}
   (You found it in the Dungeon)

   Slay:      It affects your accuracy & damage with ranged weapons and melee
   (+3).
   SInv:      It lets you see invisible.
   Will:      It increases your willpower.
 X - the +0 pair of boots of the Blizzard (worn) {rN+}
   (You found it in the Dungeon)

   rN:        It protects you from negative energy.
 Y - the -2 hat of the Alchemist {rElec rPois rF+ rC+ rN+ Will+ rMut rCorr}
   (You found it in the Dungeon)

   rF:        It protects you from fire.
   rC:        It protects you from cold.
   rElec:     It insulates you from electricity.
   rPois:     It protects you from poison.
   rN:        It protects you from negative energy.
   rCorr:     It protects you from acid and corrosion.
   rMut:      It protects you from mutation.
   Will:      It increases your willpower.
Jewellery
 o - a +6 ring of strength
 p - a +3 ring of dexterity
 q - a +2 ring of protection
 s - an amulet of regeneration
 t - a ring of ice
 y - a +6 ring of dexterity
 z - a +6 ring of strength
 B - a ring of ice
 C - a ring of protection from fire
 D - a ring of ice
 E - a ring of see invisible
 K - a +4 ring of evasion
 L - a +4 ring of protection
 M - a +6 ring of intelligence
 N - a +2 ring of slaying
 Q - the ring of Tumparph {Wiz Will+}
   (You found it in the Dungeon)

   [ring of wizardry]

   It improves your spell success rate.
   Will:      It increases your willpower.
 T - a +3 ring of slaying (right hand)
 U - the ring "Luclax Gess" (left hand) {Str+3 Slay+3}
   (You found it in the Dungeon)

   [ring of slaying]

   Str:       It affects your strength (+3).
   Slay:      It affects your accuracy & damage with ranged weapons and melee
   (+3).
 V - the amulet of Wonder (around neck) {RegenMP +Inv rF+ Regen+}
   (You found it in the Dungeon)

   [amulet of magic regeneration]

   It increases your rate of magic regeneration.
   rF:        It protects you from fire.
   +Inv:      It lets you turn invisible.
   Regen:     It increases your rate of health regeneration.
 W - the ring "Xureelemn" {rF+ Str+2 Dex-3 SInv}
   (You found it in the Dungeon)

   [ring of see invisible]

   Str:       It affects your strength (+2).
   Dex:       It affects your dexterity (-3).
   rF:        It protects you from fire.
   SInv:      It lets you see invisible.
Wands
 a - a wand of flame (27)
 l - a wand of quicksilver (4) (quivered)
 A - a wand of mindburst (15)
Scrolls
 j - 7 scrolls of blinking
 k - 3 scrolls of amnesia
 u - 3 scrolls of identify
 v - 11 scrolls of fog
 w - a scroll of poison
 R - 3 scrolls of fear
Potions
 c - a potion of flight {unknown}
 d - a potion of invisibility
 e - 5 potions of heal wounds
 f - 8 potions of curing
 g - 8 potions of haste
 h - 11 potions of magic
 i - 2 potions of berserk rage
 n - a potion of degeneration {unknown}
 P - 4 potions of might
 Z - a potion of resistance


   Skills:
 O Level 27 Fighting
 O Level 27 Short Blades
 - Level 19.2 Axes
 + Level 2.5 Throwing
 O Level 27 Armour
 O Level 27 Dodging
 O Level 27 Stealth
 - Level 16.5 Shields
 O Level 27 Invocations
 O Level 27 Evocations


You had 19 spell levels left.
You didn't know any spells.
Your spell library contained the following spells:

 Spells                   Type           Power      Damage    Failure   Level
 Ensorcelled Hibernation  Hex/Ice        0%         N/A       86%         2
 Spider Form              Tmut/Pois      0%         N/A       98%         3
 Anguish                  Hex/Necr       0%         N/A       100%        4


Dungeon Overview and Level Annotations

Branches:
Dungeon (1/1)

Altars:
Cheibriados
Dithmenos
Elyvilon
Fedhas
Gozag
Hepliaklqana
Kikubaaqudgha
Makhleb
Nemelex Xobeh
Okawaru
Qazlal
Ru
Sif Muna
Trog
Uskayaw
Vehumet
Wu Jian
Xom
Yredelemnul
Zin
The Shining One
Beogh
Jiyva
Lugonu

Shops:
D =[**


Message History

The rockslime completely misses you.
You hit the rockslime but do no damage. x2
You hit the rockslime but do no damage. x2
You hit the rockslime. You hit the rockslime but do no damage.
The rockslime hits you but does no damage.
You hit the rockslime but do no damage. x2
You hit the rockslime but do no damage. You hit the rockslime.
You hit the rockslime but do no damage. x2; You block the rockslime's attack.
You hit the rockslime. You hit the rockslime but do no damage.
You hit the rockslime but do no damage. x2
You hit the rockslime. You hit the rockslime but do no damage.
The rockslime hits you!!
You stumble backwards!
You hit the rockslime but do no damage. x2
You hit the rockslime but do no damage. x2
You hit the rockslime but do no damage. x2; The rockslime hits you!!
You feel protected from physical attacks.
You stumble backwards!
You hit the rockslime but do no damage. You hit the rockslime.
You completely miss the rockslime. You puncture the rockslime!
You hit the rockslime but do no damage. x2; You block the rockslime's attack.
You hit the rockslime but do no damage. x2
You hit the rockslime but do no damage. x2; The rockslime barely misses you.
You hit the rockslime but do no damage. You completely miss the rockslime.
You hit the rockslime but do no damage. x2
You hit the rockslime but do no damage. You puncture the rockslime!
You block the rockslime's attack.
You hit the rockslime but do no damage. x2
You hit the rockslime but do no damage. x2; The rockslime hits you!!
* * * LOW HITPOINT WARNING * * *
You stumble backwards!
You hit the rockslime. You hit the rockslime but do no damage.
You hit the rockslime but do no damage. x2
You hit the rockslime but do no damage. x2; The rockslime hits you!!
* * * LOW HITPOINT WARNING * * *
You feel more protected from physical attacks.
You stumble backwards!
You hit the rockslime but do no damage. x2
You hit the rockslime but do no damage. x2
You hit the rockslime. x2; The rockslime hits you!!
You die...

▓▓▓▓▓▓▓▓▓▓▓▓▓▓▓▓▓▓▓▓▓▓▓▓▓▓▓▓
)...).[..'......@JJJ........
▓▓▓▓▓▓▓▓▓▓▓▓▓▓▓▓▓▓▓▓▓▓▓▓▓▓▓▓▓▓▓▓▓
.................................
▓▓▓▓▓▓▓▓▓▓▓▓▓▓▓▓▓▓▓▓▓▓▓▓▓▓▓▓▓▓▓▓▓
'.'÷..†))......≈≈'≈.....0.......'
▓▓▓▓▓▓▓▓▓▓▓▓▓▓▓▓▓▓▓▓▓▓▓▓▓▓▓▓▓▓▓▓▓
.................................
▓▓▓▓▓▓▓▓▓▓▓▓▓▓▓▓▓▓▓▓▓▓▓▓▓▓▓▓▓▓▓▓▓
.[))...)..'.)))))†..'))..[[[†.'..


You could see an acid blob, an azure jelly and a rockslime.

Vanquished Creatures
  the Royal Jelly (D)
  3 ancient liches (D)
  2 orbs of fire (D)
  Mara (D)
  Mennas (D)
  A juggernaut (D)
  Sojobo (D)
  Boris (D)
  2 Killer Klowns (D)
  Margery (D)
  Xtahua (D)
  2 curse toes (D)
  5 golden dragons (D)
  Jory (D)
  2 bone dragons (D)
  An electric golem (D)
  3 tentacled monstrosities (D)
  2 liches (D)
  28 Orb Guardians (D)
  A titan (D)
  A deep elf blademaster (D)
  2 deep elf master archers (D)
  4 acid blobs (D)
  A death cob (D)
  A sphinx (D)
  5 tengu reavers (D)
  Agnes (D)
  8 shadow dragons (D)
  4 storm dragons (D)
  Ilsuiw (D)
  7 nagarajas (D)
  4 azure jellies (D)
  2 vault wardens (D)
  5 rockslimes (D)
  2 draconian monks (D)
  4 draconian knights (D)
  A ghost moth (D)
  Aizul (D)
  Louise (D)
  3 deep elf sorcerers (D)
  2 draconian stormcallers (D)
  4 frost giants (D)
  2 fire giants (D)
  A draconian shifter (D)
  5 emperor scorpions (D)
  A draconian annihilator (D)
  4 quicksilver oozes (D)
  6 stone giants (D)
  4 ironbound preservers (D)
  A spriggan defender (D)
  2 ironbound thunderhulks (D)
  2 very ugly things (D)
  An eleionoma (D)
  2 deep elf demonologists (D)
  2 green draconians (D)
  Azrael (D)
  2 black draconians (D)
  4 purple draconians (D)
  11 vampire knights (D)
  4 yellow draconians (D)
  A deep elf annihilator (D)
  4 white draconians (D)
  3 red draconians (D)
  2 spark wasps (D)
  A bunyip (D)
  4 merfolk javelineers (D)
  3 deep elf death magi (D)
  3 ettins (D)
  4 fire dragons (D)
  A shambling mangrove (D)
  4 merfolk impalers (D)
  5 deep elf high priests (D)
  A great orb of eyes (D)
  Erolcha (D)
  4 spriggan air magi (D)
  3 yaktaur captains (D)
  25 vault guards (D)
  2 ice dragons (D)
  3 ogre magi (D)
  5 hydras (D)
  3 ironbound frosthearts (D)
  2 catoblepae (D)
  2 deep troll shamans (D)
  2 merfolk avatars (D)
  A centaur warrior (D)
  A jorogumo (D)
  A merfolk aquamancer (D)
  4 naga warriors (D)
  A tengu warrior (D)
  2 vampire magi (D)
  A naga sharpshooter (D)
  An orc high priest (D)
  Sonja (D)
  A skyshark (shapeshifter) (D)
  4 hell knights (D)
  Nergalle (D)
  An iron troll (D)
  3 glowing orange brains (D)
  A flayed ghost (D)
  7 deep trolls (D)
  An orb spider (D)
  10 swamp dragons (D)
  A deep elf pyromancer (D)
  A necromancer (D)
  A phantasmal warrior (D)
  4 ironbound convokers (D)
  A steelbarb worm (D)
  4 lindwurms (D)
  A bog body (D)
  4 orc knights (D)
  An ugly thing (D)
  A salamander (D)
  3 cyclopes (D)
  4 vault sentinels (D)
  2 guardian serpents (D)
  Maurice (D)
  A merfolk siren (D)
  14 moths of wrath (D)
  Joseph (D)
  3 black mambas (D)
  4 naga magi (D)
  6 cane toads (D)
  A rime drake (D)
  7 merfolk (D)
  A meliai (shapeshifter) (D)
  A troll (D)
  A polar bear (D)
  A bloated husk (D)
  A meliai (D)
  5 tyrant leeches (D)
  2 wind drakes (D)
  A blink frog (D)
  2 culicivoras (D)
  2 jumping spiders (D)
  3 slime creatures (D)
  A yak (D)
  11 spriggans (D)
  4 fire elementals (D)
  A wyvern (D)
  A golden eye (D)
  2 redbacks (D)
  A naga (D)
  2 floating eyes (D)
  2 hell hounds (D)
  A water moccasin (D)
  2 swamp drakes (D)
  13 orc warriors (D)
  2 wolves (D)
  A centaur (D)
  A kobold brigand (D)
  2 scorpions (D)
  2 howler monkeys (D)
  3 hounds (D)
  4 orc wizards (D)
  A white imp (D)
  A worm (D)
  7 orcs (D)
  An endoplasm (D)
  A jackal (D)
  A bat (D)
  A frilled lizard (D)
  A rat (D)
465 creatures vanquished.

Vanquished Creatures (others)
  A fire giant (D)
  A boulder beetle (D)
2 creatures vanquished.

Grand Total: 467 creatures vanquished

Notes
Turn   | Place    | Note
-------+----------+-------------------------------------------
     0 | D        | BigDaddyOpFi the Hill Orc Fighter began the quest for the
                  | Orb.
     0 | D        | Reached XP level 1. HP: 19/19 MP: 1/1
    26 | D        | Noticed a scorpion
    26 | D        | Noticed a hound
    26 | D        | Noticed a hound
    26 | D        | Noticed a hound
    35 | D        | Reached XP level 2. HP: 6/28 MP: 2/2
    39 | D        | Killed a scorpion
    40 | D        | Reached skill level 5 in Fighting
    40 | D        | Reached skill level 5 in Axes
    40 | D        | Reached skill level 5 in Armour
    40 | D        | Reached skill level 5 in Shields
    40 | D        | Reached XP level 3. HP: 26/37 MP: 3/3
    40 | D        | Reached XP level 4. HP: 31/44 MP: 4/4
    53 | D        | Reached XP level 5. HP: 31/51 MP: 5/5
   226 | D        | Found a roughly hewn altar of Beogh.
   226 | D        | Found a snail-covered altar of Cheibriados.
   226 | D        | Found a shadowy altar of Dithmenos.
   226 | D        | Found a white marble altar of Elyvilon.
   226 | D        | Found a blossoming altar of Fedhas.
   226 | D        | Found an opulent altar of Gozag.
   227 | D        | Found a hazy altar of Hepliaklqana.
   228 | D        | Found a viscous altar of Jiyva.
   229 | D        | Found an ancient bone altar of Kikubaaqudgha.
   230 | D        | Found a corrupted altar of Lugonu.
   231 | D        | Found a burning altar of Makhleb.
   232 | D        | Found a sparkling altar of Nemelex Xobeh.
   233 | D        | Found an iron altar of Okawaru.
   234 | D        | Found a stormy altar of Qazlal.
   235 | D        | Found a sacrificial altar of Ru.
   236 | D        | Found a shimmering blue altar of Sif Muna.
   237 | D        | Found a bloodstained altar of Trog.
   238 | D        | Found a hide-covered altar of Uskayaw.
   239 | D        | Found a radiant altar of Vehumet.
   240 | D        | Found an ornate altar of the Wu Jian Council.
   241 | D        | Found a shimmering altar of Xom.
   242 | D        | Became a worshipper of Qazlal Stormbringer
   243 | D        | Found a basalt altar of Yredelemnul.
   244 | D        | Found a glowing silver altar of Zin.
   245 | D        | Found a glowing golden altar of the Shining One.
   298 | D        | Noticed an orc warrior
   298 | D        | Noticed a kobold brigand
   298 | D        | Noticed a centaur
   306 | D        | Killed an orc warrior
   307 | D        | Reached XP level 6. HP: 32/62 MP: 6/6
   307 | D        | Reached * piety under Qazlal
   313 | D        | Reached skill level 10 in Axes
   313 | D        | Reached XP level 7. HP: 38/70 MP: 7/7
   316 | D        | Reached ** piety under Qazlal
   667 | D        | Noticed a centaur warrior
   667 | D        | Noticed a cyclops
   667 | D        | Noticed a deep elf pyromancer
   667 | D        | Noticed a slime creature
   667 | D        | Noticed a tengu warrior
   667 | D        | Noticed a cyclops
   670 | D        | Killed a cyclops
   670 | D        | Killed a deep elf pyromancer
   671 | D        | Reached skill level 10 in Armour
   671 | D        | Reached skill level 10 in Shields
   671 | D        | Reached XP level 8. HP: 71/83 MP: 8/8
   673 | D        | Killed a centaur warrior
   674 | D        | Reached XP level 9. HP: 64/91 MP: 9/9
   675 | D        | Reached *** piety under Qazlal
   678 | D        | Killed a tengu warrior
   682 | D        | Killed a cyclops
  1093 | D        | Noticed a black mamba
  1093 | D        | Noticed a cane toad
  1093 | D        | Noticed a rime drake
  1096 | D        | Noticed a cane toad
  1102 | D        | Killed a black mamba
  1102 | D        | Reached **** piety under Qazlal
  1103 | D        | Reached XP level 10. HP: 99/103 MP: 10/10
  1105 | D        | Reached skill level 15 in Axes
  1109 | D        | Killed a cane toad
  1110 | D        | Noticed a cane toad
  1127 | D        | Killed a cane toad
  1133 | D        | Reached ***** piety under Qazlal
  1140 | D        | Killed a cane toad
  1141 | D        | Reached skill level 5 in Invocations
  1294 | D        | Noticed a lindwurm
  1294 | D        | Noticed a cane toad
  1294 | D        | Noticed a cane toad
  1300 | D        | Noticed a cane toad
  1311 | D        | Killed a lindwurm
  1312 | D        | Noticed a lindwurm
  1318 | D        | Killed a cane toad
  1319 | D        | Reached skill level 15 in Fighting
  1330 | D        | Killed a cane toad
  1333 | D        | Killed a cane toad
  1334 | D        | Reached XP level 11. HP: 54/112 MP: 15/17
  1338 | D        | Killed a lindwurm
  1338 | D        | Reached ****** piety under Qazlal
  1601 | D        | Noticed a lindwurm
  1607 | D        | Reached skill level 10 in Invocations
  1612 | D        | Noticed a lindwurm
  1641 | D        | Killed a lindwurm
  1664 | D        | Killed a lindwurm
  2234 | D        | Noticed an orc high priest
  2235 | D        | Noticed an orc knight
  2236 | D        | Killed an orc high priest
  2237 | D        | Reached skill level 15 in Armour
  2242 | D        | Reached skill level 15 in Shields
  2242 | D        | Noticed an orc knight
  2243 | D        | Killed an orc knight
  2258 | D        | Killed an orc knight
  2550 | D        | Found Japa's Jewellery Emporium.
  2550 | D        | Noticed a deep troll
  2550 | D        | Noticed an iron troll
  2550 | D        | Noticed a deep troll
  2550 | D        | Noticed a deep troll
  2550 | D        | Noticed an ettin
  2551 | D        | Noticed an ogre mage
  2553 | D        | Killed an ogre mage
  2553 | D        | Killed an ettin
  2554 | D        | Noticed an ogre mage
  2556 | D        | Noticed a deep troll
  2557 | D        | Killed an ogre mage
  2557 | D        | Killed a deep troll
  2557 | D        | Killed a deep troll
  2557 | D        | Killed a deep troll
  2558 | D        | Reached skill level 15 in Invocations
  2558 | D        | Reached XP level 12. HP: 100/125 MP: 5/23
  2561 | D        | Killed an iron troll
  3016 | D        | Found Qaqil's Armour Shoppe.
  3020 | D        | Found Huuclal's General Store.
  3023 | D        | Found Tadol's General Store.
  3025 | D        | Noticed an ogre mage
  3032 | D        | Killed an ogre mage
  3135 | D        | Bought a +6 ring of strength for 504 gold pieces
  3135 | D        | Bought a +6 ring of strength for 504 gold pieces
  3184 | D        | Noticed Maurice
  3190 | D        | Killed Maurice
  3229 | D        | Noticed Sonja
  3231 | D        | Noticed Joseph
  3235 | D        | Killed Sonja
  3239 | D        | Killed Joseph
  3316 | D        | Found the +12 pair of quick blades "Gyre" and "Gimble"
                  | {protect}
  3399 | D        | Noticed a catoblepas
  3399 | D        | Noticed a boulder beetle
  3403 | D        | Noticed a catoblepas
  3409 | D        | Killed a catoblepas
  3410 | D        | Reached skill level 1 in Short Blades
  3410 | D        | Reached skill level 1 in Dodging
  3437 | D        | Killed a boulder beetle
  3442 | D        | Noticed a frost giant
  3452 | D        | Noticed a stone giant
  3453 | D        | Noticed a vampire mage
  3458 | D        | Noticed an ettin
  3460 | D        | Killed a catoblepas
  3479 | D        | Noticed a stone giant
  3482 | D        | Killed a frost giant
  3483 | D        | Reached XP level 13. HP: 55/136 MP: 26/26
  3494 | D        | Killed a stone giant
  3518 | D        | Killed a stone giant
  3563 | D        | Killed an ettin
  3564 | D        | Reached skill level 5 in Short Blades
  3835 | D        | Noticed Nergalle
  3849 | D        | Killed Nergalle
  3912 | D        | Noticed a spark wasp
  3913 | D        | Noticed an emperor scorpion
  3915 | D        | Killed a spark wasp
  3916 | D        | Reached skill level 5 in Dodging
  3932 | D        | Killed an emperor scorpion
  4120 | D        | Noticed a shambling mangrove
  4120 | D        | Noticed a bunyip
  4123 | D        | Killed a shambling mangrove
  4123 | D        | Killed a bunyip
  4128 | D        | Noticed an eleionoma
  4164 | D        | Killed an eleionoma
  4298 | D        | Reached XP level 14. HP: 115/148 MP: 19/29
  4642 | D        | Noticed Azrael
  4654 | D        | Killed Azrael
  4919 | D        | Noticed Erolcha
  4931 | D        | Killed Erolcha
  4965 | D        | Noticed a purple very ugly thing
  4965 | D        | Noticed a sphinx
  4967 | D        | Killed a sphinx
  4976 | D        | Killed a purple very ugly thing
  4977 | D        | Reached skill level 10 in Short Blades
  4977 | D        | Killed a vampire knight
  4978 | D        | Noticed a stone giant
  4990 | D        | Noticed a frost giant
  5005 | D        | Killed a stone giant
  5006 | D        | Noticed a fire giant
  5013 | D        | Killed a frost giant
  5014 | D        | Noticed a frost giant
  5018 | D        | Noticed a frost giant
  5019 | D        | Killed a fire giant
  5022 | D        | Killed a frost giant
  5033 | D        | Noticed a spriggan defender
  5039 | D        | Killed a frost giant
  5053 | D        | Killed a spriggan defender
  5468 | D        | Noticed an ironbound thunderhulk
  5468 | D        | Noticed a brown very ugly thing
  5469 | D        | Killed an ironbound thunderhulk
  5469 | D        | Killed a brown very ugly thing
  5470 | D        | Reached skill level 10 in Dodging
  5470 | D        | Reached XP level 15. HP: 160/160 MP: 22/32
  5498 | D        | Reached skill level 27 in Invocations
  5777 | D        | Noticed Agnes
  5803 | D        | Killed Agnes
  5901 | D        | Found the +0 mask of the Dragon {Will+ Slay+3 SInv}
  5979 | D        | Noticed Xtahua
  5996 | D        | Killed Xtahua
  6181 | D        | Noticed Louise
  6208 | D        | Killed Louise
  6366 | D        | Noticed a nagaraja
  6366 | D        | Noticed a nagaraja
  6366 | D        | Noticed a nagaraja
  6373 | D        | Killed a nagaraja
  6373 | D        | Killed a nagaraja
  6373 | D        | Killed a nagaraja
  6374 | D        | Noticed a nagaraja
  6376 | D        | Noticed a nagaraja
  6380 | D        | Killed a nagaraja
  6380 | D        | Killed a nagaraja
  6382 | D        | Noticed a nagaraja
  6397 | D        | Killed a nagaraja
  6397 | D        | Noticed a nagaraja
  6401 | D        | Killed a nagaraja
  6768 | D        | Got a serpentine rune of Zot
  6775 | D        | Noticed an emperor scorpion
  6775 | D        | Noticed an emperor scorpion
  6775 | D        | Noticed an emperor scorpion
  6778 | D        | Killed an emperor scorpion
  6794 | D        | Noticed a ghost moth
  6797 | D        | Killed a ghost moth
  6798 | D        | Reached skill level 15 in Short Blades
  6805 | D        | Killed an emperor scorpion
  6822 | D        | Killed an emperor scorpion
  6825 | D        | Noticed an emperor scorpion
  6847 | D        | Killed an emperor scorpion
  7027 | D        | Got a gossamer rune of Zot
  7038 | D        | Reached XP level 16. HP: 177/177 MP: 24/33
  7285 | D        | Got a decaying rune of Zot
  7293 | D        | Noticed Ilsuiw
  7294 | D        | Killed Ilsuiw
  7337 | D        | Got a barnacled rune of Zot
  7595 | D        | Reached skill level 15 in Dodging
  7729 | D        | Reached skill level 27 in Fighting
  7883 | D        | Noticed a tengu reaver
  7883 | D        | Noticed a lich
  7883 | D        | Noticed a titan
  7884 | D        | Killed a lich
  7884 | D        | Killed a tengu reaver
  7884 | D        | Killed a titan
  7887 | D        | Noticed a tengu reaver
  7890 | D        | Killed a tengu reaver
  7890 | D        | Noticed a shadow dragon
  7894 | D        | Noticed a shadow dragon
  7898 | D        | Killed a shadow dragon
  7899 | D        | Reached XP level 17. HP: 166/191 MP: 11/34
  8090 | D        | Noticed a golden dragon
  8090 | D        | Noticed an ancient lich
  8091 | D        | Killed a golden dragon
  8092 | D        | Killed an ancient lich
  8093 | D        | Reached skill level 27 in Armour
  8152 | D        | Got a silver rune of Zot
  8267 | D        | Noticed Mennas
  8325 | D        | Killed Mennas
  8394 | D        | Noticed Mara
  8396 | D        | Noticed BigDaddyOpFi's illusion
  8428 | D        | Noticed Margery
  8438 | D        | Killed Margery
  8471 | D        | Noticed BigDaddyOpFi's illusion
  8530 | D        | Noticed BigDaddyOpFi's illusion
  8534 | D        | Noticed Sojobo
  8568 | D        | Killed Mara
  8579 | D        | Paralysed by an air elemental for 1 turns
  8590 | D        | Paralysed by an air elemental for 1 turns
  8595 | D        | Paralysed by an air elemental for 1 turns
  8607 | D        | Killed Sojobo
  9015 | D        | Got the ring of Tumparph {Wiz Will+}
  9019 | D        | Got the ring "Luclax Gess" {Str+3 Slay+3}
  9021 | D        | Got the amulet of Wonder {RegenMP +Inv rF+ Regen+}
  9023 | D        | Got the ring "Xureelemn" {rF+ Str+2 Dex-3 SInv}
  9049 | D        | Found the -2 hat of the Alchemist {rElec rPois rF+ rC+ rN+
                  | Will+ rMut rCorr}
  9054 | D        | Got the +0 pair of boots of the Blizzard {rN+}
  9214 | D        | Noticed Aizul
  9227 | D        | Killed Aizul
  9413 | D        | Noticed Jory
  9443 | D        | Killed Jory
  9691 | D        | Noticed Boris
  9704 | D        | Killed Boris
  9727 | D        | Noticed a juggernaut
  9742 | D        | Killed a juggernaut
  9997 | D        | Noticed a bone dragon
  9998 | D        | Killed a bone dragon
  9998 | D        | Noticed a bone dragon
  9999 | D        | Reached XP level 18. HP: 200/200 MP: 26/35
 10022 | D        | Killed a bone dragon
 10148 | D        | Noticed a tentacled monstrosity
 10166 | D        | Killed a tentacled monstrosity
 10167 | D        | Reached skill level 27 in Short Blades
 10315 | D        | Noticed a golden dragon
 10317 | D        | Killed a golden dragon
 10319 | D        | Noticed a tentacled monstrosity
 10336 | D        | Killed a tentacled monstrosity
 10585 | D        | Noticed a curse toe
 10591 | D        | Killed a curse toe
 10653 | D        | Noticed a golden dragon
 10656 | D        | Reached skill level 27 in Dodging
 10667 | D        | Reached skill level 5 in Evocations
 10670 | D        | Killed a golden dragon
 10690 | D        | Reached skill level 10 in Evocations
 10943 | D        | Noticed an Orb Guardian
 10943 | D        | Noticed an Orb Guardian
 10943 | D        | Noticed an Orb Guardian
 10943 | D        | Noticed an Orb Guardian
 10943 | D        | Noticed an Orb Guardian
 10943 | D        | Noticed an Orb Guardian
 10944 | D        | Killed an Orb Guardian
 10944 | D        | Killed an Orb Guardian
 10944 | D        | Killed an Orb Guardian
 10945 | D        | Noticed an Orb Guardian
 10947 | D        | Killed an Orb Guardian
 10949 | D        | Noticed an Orb Guardian
 10951 | D        | Killed an Orb Guardian
 10952 | D        | Noticed an Orb Guardian
 10954 | D        | Noticed an Orb Guardian
 10959 | D        | Killed an Orb Guardian
 10960 | D        | Reached skill level 15 in Evocations
 10967 | D        | Killed an Orb Guardian
 10968 | D        | Killed an Orb Guardian
 10975 | D        | Killed an Orb Guardian
 10982 | D        | Killed an Orb Guardian
 11091 | D        | Noticed an Orb Guardian
 11091 | D        | Noticed an Orb Guardian
 11094 | D        | Noticed an Orb Guardian
 11097 | D        | Noticed an Orb Guardian
 11104 | D        | Killed an Orb Guardian
 11105 | D        | Reached XP level 19. HP: 207/207 MP: 36/36
 11169 | D        | Noticed an ancient lich
 11189 | D        | Killed an ancient lich
 11292 | D        | Noticed an orb of fire
 11310 | D        | Killed an orb of fire
 11313 | D        | Noticed an electric golem
 11330 | D        | Killed an electric golem
 11377 | D        | Noticed a golden dragon
 11377 | D        | Noticed an ancient lich
 11377 | D        | Noticed a Killer Klown
 11378 | D        | Noticed a golden dragon
 11381 | D        | Killed an ancient lich
 11381 | D        | Killed a Killer Klown
 11383 | D        | Noticed an orb of fire
 11389 | D        | Killed a golden dragon
 11389 | D        | Noticed a Killer Klown
 11392 | D        | Noticed a tentacled monstrosity
 11398 | D        | Killed a Killer Klown
 11398 | D        | Killed a tentacled monstrosity
 11398 | D        | Killed a golden dragon
 11399 | D        | Reached skill level 27 in Evocations
 11399 | D        | Reached skill level 1 in Stealth
 11410 | D        | Killed an orb of fire
 11413 | D        | Noticed a curse toe
 11444 | D        | Killed a curse toe
 11638 | D        | Reached skill level 10 in Stealth
 11685 | D        | Reached skill level 15 in Stealth
 12120 | D        | Reached XP level 20. HP: 172/216 MP: 37/37
 12506 | D        | Got an elven rune of Zot
 12818 | D        | Noticed the Royal Jelly
 12830 | D        | Killed the Royal Jelly
 12889 | D        | Reached skill level 27 in Stealth
 12945 | D        | Mangled by a rockslime

Illustrated notes

Levels and vault maps discovered:
D:        linesprint [early_d, line_temple, items_1, d_10, items_2, lair_1,
          lair_end, items_3, orc_1, orc_end, items_4, d_15, swamp_1, shoals_1,
          snake_1, spider_1, d_20, vaults_1, items_5, swamp_end, shoals_end,
          snake_end, spider_end, vaults_end, d_27, items_6, zot_1, zot_end,
          crypt_end, forest_end, elf_end, slime_end, tomb_end, abyss_end,
          pan_hell_end]

Skill      XL: |  1  2  3  4  5  6  7  8  9 10 11 12 13 14 15 16 17 18 19 20 |
---------------+-------------------------------------------------------------+-----
Axes           | 4 5 6 8 10 12 13 14 16 18 19 | 19.2
Fighting       | 4 5 6 8 9 11 12 14 15 17 18 20 22 24 27 | 27.0
Armour         | 4 5 6 7 8 10 11 12 14 15 17 18 20 22 26 27 | 27.0
Shields        | 4 5 6 7 8 10 11 12 14 15 16 | 16.5
Invocations    | 9 15 18 22 26 27 | 27.0
Short Blades   | 3 8 11 15 19 25 27 | 27.0
Dodging        | 3 7 10 13 17 22 27 | 27.0
Evocations     | 18 27 | 27.0
Stealth        | 19 27 | 27.0
Throwing       | 2 |  2.5

Action                     |  1- 3 |  4- 6 |  7- 9 | 10-12 | 13-15 | 16-18 | 19-21 || total
---------------------------+-------+-------+-------+-------+-------+-------+-------++-------
  Melee: War axe           |    23 |    29 |    23 |   243 |       |       |       ||   318
         Pair of quick bla |       |       |       |    70 |   442 |   774 |   427 ||  1713
 Invoke: Disaster Area     |       |       |       |     4 |    21 |    18 |     6 ||    49
         Upheaval          |       |       |       |     1 |     2 |     1 |     4 ||     8
  Evoke: Wand              |       |     1 |     3 |     2 |       |       |       ||     6
    Use: Potion            |     3 |       |       |     3 |    12 |     1 |       ||    19
         Scroll            |       |       |       |       |     5 |     1 |       ||     6
   Stab: Petrified         |       |       |       |    10 |       |       |       ||    10
 Armour: Scale mail        |     5 |    11 |       |       |       |       |       ||    16
         Chain mail        |       |     3 |    13 |    36 |       |       |       ||    52
         Plate armour      |       |       |       |    36 |   152 |   200 |    98 ||   486
  Dodge: Dodged            |     9 |    17 |     5 |    35 |    72 |   152 |    86 ||   376
         Repelled          |       |       |       |     2 |     1 |     5 |       ||     8
  Block: Buckler           |     9 |     5 |     9 |   104 |       |       |       ||   127
         Other             |       |       |       |     4 |    68 |    97 |    47 ||   216

Table legend: (Time is in decaauts) A = Elapsed time spent in this place. B = Non-inter-level travel time spent in this place. C = Inter-level travel time spent in this place. D = Time resting spent in this place. E = Time spent auto-exploring this place. F = Levels seen in this place. G = Mean time per level. A B C D E F G +--------+--------+--------+--------+--------+-----+--------+ Total | 11736 | 11736 | 0 | 8452 | 0 | 1 | 11736.0 | Dungeon | 11736 | 11736 | 0 | 8452 | 0 | 1 | 11736.0 | +--------+--------+--------+--------+--------+-----+--------+

Top non-repeatable levels by time:
       D: 11736 daAuts
